 Dungeon Crawl Stone Soup version 0.28-a0-80-g9707f7362f (webtiles) character file.

Game seed: 8554839213679073127

211 Sweetruy1997 the Conjurer (level 5, -3/36 HPs)
             Began as a Mummy Conjurer on Aug 5, 2021.
             Slain by an adder (4 damage)
             ... in a sewer.
             The game lasted 00:09:02 (3734 turns).

Sweetruy1997 the Conjurer (Mummy Conjurer)          Turns: 3734, Time: 00:09:03

Health: -3/36      AC:  3    Str: 11    XL:     5   Next: 57%
Magic:  7/11       EV:  9    Int: 18    God:
Gold:   74         SH:  0    Dex: 10    Spells: 3/12 levels left

rFire   x . .      SeeInvis .   b - +1 dagger
rCold   + . .      Faith    .   (no shield)
rNeg    + + +      Spirit   .   a - +0 robe
rPois   ∞          Reflect  .   (no helmet)
rElec   .          Harm     .   (no cloak)
rCorr   .          Rampage  .   c - +0 pair of gloves
Will    .....                   (no boots)
Stlth   +.........              g - amulet of the acrobat
HPRegen 0.12/turn               (no ring)
MPRegen 0.12/turn               (no ring)

@: about to teleport, constricted, very slow
A: cold resistance 1, negative energy resistance 3, torment resistance 2, heat
vulnerability 1, no potions
a: no special abilities


You were in a sewer.
You visited 1 branch of the dungeon, and saw 3 of its levels.
You also visited: Sewer.

You collected 74 gold pieces.

Inventory:

Hand Weapons
 b - a +1 dagger (weapon)
Armour
 a - a +0 robe (worn)
 c - a +0 pair of gloves (worn)
Jewellery
 g - an amulet of the acrobat (around neck)
Scrolls
 d - a scroll of brand weapon
 f - a scroll of silence
 h - 2 scrolls of magic mapping {unknown}
 i - a scroll of fear {unknown}
 j - a scroll of blinking


   Skills:
 + Level 0.8 Fighting
 + Level 1.1 Short Blades
 - Level 2.0 Dodging
 - Level 2.0 Stealth
 + Level 4.2 Spellcasting
 + Level 4.5 Conjurations


You had 3 spell levels left.
You knew the following spells:

 Your Spells              Type           Power      Damage    Failure   Level
a - Magic Dart            Conj           80%        1d7       2%          1
b - Searing Ray           Conj           40%        3d4       3%          2
c - Dazzling Flash        Conj/Hex       24%        N/A       17%         3
d - Foxfire               Conj/Fire      48%        2x1d6     5%          1
e - Static Discharge      Conj/Air       12%        N/A       9%          2

Your spell library contained the following spells:

 Spells                   Type           Power      Damage    Failure   Level
 Conjure Flame            Conj/Fire      12%        6-21      17%         3
 Inner Flame              Hex/Fire       3%         N/A       41%         3
 Fulminant Prism          Conj/Hex       6%         3d7       50%         4
 Iskenderun's Mystic Bla  Conj/Tloc      12%        2d5       50%         4
 Lightning Bolt           Conj/Air       6%         1d18      83%         5
 Maxwell's Capacitive Co  Air            1%         ∞         100%        8


Dungeon Overview and Level Annotations

Branches:
Dungeon (3/15)              Sewer (1/1)

Altars:
Fedhas
Okawaru
Zin


Innate Abilities, Weirdness & Mutations

You are immune to poison.
Your flesh is cold resistant. (rC+)
You are immune to negative energy. (rN+++)
You are immune to unholy pain and torment.
You are vulnerable to heat. (rF-)
You do not drink.


Message History

The bullfrog completely misses you. The adder completely misses you.
The adder bites you. The bullfrog misses you. The adder closely misses you.
The bullfrog completely misses you. The adder completely misses you.
The ball python completely misses you. x2; The adder completely misses you.
The adder misses you.
You closely miss the ball python. The bullfrog barely misses you.
The adder bites you but does no damage. The ball python bites you.
The ball python misses you. The adder barely misses you.
The adder closely misses you. The bullfrog hits you.
The adder bites you but does no damage. The ball python barely misses you.
The ball python closely misses you. The bullfrog closely misses you.
The adder misses you. x2
The bullfrog misses you. The adder misses you. x2
The adder misses you. The adder bites you. The bullfrog closely misses you.
The adder barely misses you. The bullfrog completely misses you.
The adder misses you. The adder completely misses you.
The adder closely misses you.
The ball python bites you but does no damage.
The ball python completely misses you.
You barely miss the adder. The bullfrog barely misses you.
The bullfrog hits you. The adder bites you but does no damage.
The adder closely misses you. The adder barely misses you.
The adder misses you. The ball python bites you. The ball python grabs you.
The ball python constricts you.
You hit the ball python.
You kill the ball python!
The bullfrog hits you. x2; The adder barely misses you. x2
The adder closely misses you. The adder bites you. The ball python bites you.
The ball python grabs you. The ball python constricts you.
The bullfrog hits you!
* * * LOW HITPOINT WARNING * * *
The bullfrog hits you.
* * * LOW HITPOINT WARNING * * *
As you read the scroll of teleportation, it crumbles to dust.
You feel strangely unstable. The adder bites you.
* * * LOW HITPOINT WARNING * * *
The adder barely misses you. The adder bites you.
* * * LOW HITPOINT WARNING * * *
The adder bites you.
You die...

####...####
####.........####
##...............##
#.........#...†...#
##......##'##......##
#......##!!###††....#
#.≈≈.≈###!!# ##.≈≈≈.#
#≈≈≈SS≈##### #≈≈†≈≈≈#
#≈≈≈S@F# #≈≈≈÷≈≈#
#≈≈≈SSF# #≈≈≈≈≈≈#
#≈≈≈≈S≈# #≈≈≈≈≈≈#
#≈≈≈≈≈≈# #≈≈≈≈≈≈#
#≈≈≈≈≈≈# #≈.≈..≈#
#≈≈#≈≈≈# #≈≈(...#
#≈.≈≈≈≈# #≈..≈≈≈#
#≈.≈≈≈≈# #≈≈≈≈≈≈#
#≈≈#≈≈≈# #≈≈≈≈≈≈#


You could see 2 bullfrogs, 4 adders and 2 ball pythons.

Vanquished Creatures
  A gnoll (D:1)
  12 adders
  3 river rats (Sewer)
  A worm (D:2)
  2 dart slugs (D:2)
  A bat (D:1)
  3 endoplasms
  3 giant cockroaches (D:3)
  2 goblins
  3 hobgoblins
  2 jackals (D:3)
  4 kobolds
  A quokka (D:1)
  7 ball pythons
  A frilled lizard (D:2)
  26 rats
72 creatures vanquished.

Vanquished Creatures (others)
  2 foxfires (Sewer)
2 creatures vanquished.

Grand Total: 74 creatures vanquished

Notes
Turn   | Place    | Note
-------+----------+-------------------------------------------
     0 | D:1      | Sweetruy1997 the Mummy Conjurer began the quest for the
                  | Orb.
     0 | D:1      | Reached XP level 1. HP: 13/13 MP: 4/4
   200 | D:1      | Reached XP level 2. HP: 4/19 MP: 0/5
   448 | D:1      | Learned a level 2 spell: Searing Ray
  1448 | D:1      | Reached XP level 3. HP: 4/24 MP: 1/7
  1700 | D:1      | Learned a level 3 spell: Dazzling Flash
  1799 | D:2      | Found a faded altar of an unknown god.
  2568 | D:3      | Learned a level 1 spell: Foxfire
  2623 | D:3      | Reached XP level 4. HP: 6/30 MP: 5/9
  2665 | D:3      | Found a blossoming altar of Fedhas.
  2717 | D:3      | Found an iron altar of Okawaru.
  2782 | D:3      | Found a glowing drain.
  2885 | Sewer    | Entered a sewer
  3005 | Sewer    | Learned a level 2 spell: Static Discharge
  3122 | Sewer    | Reached XP level 5. HP: 36/36 MP: 5/10
  3539 | Sewer    | Reached skill level 1 in Short Blades
  3734 | Sewer    | HP: 1/36 [adder (2)]
  3734 | Sewer    | Slain by an adder

Illustrated notes

Levels and vault maps discovered:
D:1:      mrwooster_arrival_statue_2, layout_basic
D:2:      kennysheep_big_flooded_room, layout_basic,
          ebering_ecumenical_altar_rust
D:3:      layout_rooms, nicolae_uskayaw_en_pointe, nicolae_ru_path_of_blood,
          chequers_temple_overflow_statue_of_worship,
          mainiacjoe_overflow_alcove_1, gup_sewer_entry_glass,
          minmay_misc_feat_tower
Sewer:    sewer_minmay_w

Skill      XL: |  1  2  3  4  5 |
---------------+----------------+-----
Spellcasting   | 3 4 |  4.2
Conjurations   | 4 |  4.5
Stealth        | 2 |  2.0
Dodging        | 2 |  2.0
Short Blades   | 1 |  1.1
Fighting       | |  0.8

Action                   |  1- 3 |  4- 6 || total
-------------------------+-------+-------++-------
Melee: Dagger            |    53 |    44 ||    97
 Cast: Magic Dart        |    57 |    61 ||   118
       Searing Ray       |     4 |     4 ||     8
       Foxfire           |       |     1 ||     1
  Use: Scroll            |     4 |     3 ||     7
 Stab: Distracted        |     1 |       ||     1
Armor: Robe              |    10 |    18 ||    28
Dodge: Dodged            |    45 |   110 ||   155

Table legend: (Time is in decaauts)
 A = Elapsed time spent in this place.
 B = Non-inter-level travel time spent in this place.
 C = Inter-level travel time spent in this place.
 D = Time resting spent in this place.
 E = Time spent auto-exploring this place.
 F = Levels seen in this place.
 G = Mean time per level.
                   A        B        C        D        E       F      G
               +--------+--------+--------+--------+--------+-----+--------+
         Total |   3769 |   3635 |    134 |   1228 |   1802 |   4 |  942.2 |
       Dungeon |   2887 |   2753 |    134 |    914 |   1398 |   3 |  962.3 |
         Sewer |    882 |    882 |      0 |    314 |    404 |   1 |  882.0 |
               +--------+--------+--------+--------+--------+-----+--------+

Top non-repeatable levels by time:
     D:1: 1701 daAuts
   Sewer: 882 daAuts
     D:2: 848 daAuts
     D:3: 336 daAuts
